 Dungeon Crawl Stone Soup version 0.17.0-28-g6e173f8 (webtiles) character file.

4755 4thArraOfDagon the Cleaver (level 10, -7/90 HPs)
             Began as a Minotaur Berserker on Nov 22, 2015.
             Was a Believer of Trog.
             Mangled by a sixfirhy (8 damage)
             ... summoned by a kobold demonologist
             ... on level 13 of the Dungeon.
             The game lasted 00:10:46 (2204 turns).

4thArraOfDagon the Cleaver (Minotaur Berserker)     Turns: 2204, Time: 00:10:46

Health: -7/90      AC: 13    Str: 28    XL:     10   Next: 23%
Magic:  13/13      EV: 11    Int:  5    God:    Trog [**....]
Gold:   315        SH:  0    Dex:  9    Spells: 0 memorised, 9 levels left

rFire  . . .     SeeInvis .     n - +0 war axe
rCold  + + .     Clarity  +     w - +4 ring mail {rC+}
rNeg   . . .     SustAt   .     (no shield)
rPois  .         Gourm    .     (helmet restricted)
rElec  .         Spirit   .     y - +0 cloak
rCorr  .         Warding  .     b - +0 pair of gloves
rMut   .         Stasis   .     (no boots)
MR     ++...                    (no amulet)
Stlth  ..........               (no ring)
                                d - ring of protection from cold

@: mighty, exhausted, regenerating, slowed, very slow, very resistant to hostile
enchantments, extremely unstealthy
A: retaliatory headbutt, horns 2, clarity, screaming 1, weak 1
a: Berserk, Trog's Hand, Burn Spellbooks, Renounce Religion


You were on level 13 of the Dungeon.
You worshipped Trog.
Trog was pleased with you.
You were not hungry.

You visited 1 branch of the dungeon, and saw 13 of its levels.

You collected 315 gold pieces.

Inventory:

Hand Weapons
 n - a +0 war axe (weapon)
Armour
 b - a +0 pair of gloves (worn)
 w - a +4 ring mail of cold resistance (worn)
 y - a +0 cloak (worn)
 z - a troll hide
Jewellery
 d - a ring of protection from cold (left hand)
Scrolls
 e - a scroll of noise {unknown}
 g - a scroll of identify {unknown}
 o - a scroll of amnesia {unknown}
 p - a scroll of magic mapping {unknown}
 r - 2 scrolls of remove curse {unknown}
 v - 2 scrolls of silence {unknown}
 A - a scroll of enchant armour
Potions
 a - a potion of poison {unknown}
 h - 2 potions of might
 k - 3 potions of heal wounds {unknown}
 l - 2 potions of flight {unknown}
 m - a potion of curing {unknown}
 q - a potion of agility {unknown}
Miscellaneous
 s - an ornate deck of changes {drawn: 7}
 u - a phial of floods (inert)
Comestibles
 c - 2 bread rations
 f - a meat ration
 t - 7 chunks of flesh
 x - a beef jerky


   Skills:
 + Level 8.8 Fighting
 * Level 11.7 Axes
 + Level 8.0 Armour
 - Level 2.1 Dodging
 * Level 6.3 Evocations


You had 9 spell levels left.
You didn't know any spells.

Dungeon Overview and Level Annotations

Branches:
Dungeon (13/15)              Lair (0/8) D:9
 Temple: D:4-7          Orc: D:9-12      Vaults: D:13-14

Altars:
Gozag
The Shining One
Jiyva

Annotations:
D:12 Azrael


Innate Abilities, Weirdness & Mutations

You reflexively headbutt those who attack you in melee.
You have a pair of horns on your head.
You possess an exceptional clarity of mind.
You occasionally shout uncontrollably at your foes.
You are weak. (Str -2)


Message History

Unknown command.
Unknown command.
Unknown command.
You slash the kobold demonologist!
The kobold demonologist is severely wounded.
Your ring mail prevents you from hitting the white imp.
You completely miss the sixfirhy.
The sixfirhy is moderately wounded.
You slash the blue devil!
The blue devil is moderately wounded.
The sixfirhy misses you.
The sixfirhy hits you but does no damage.
The sixfirhy hits you.
* * * LOW HITPOINT WARNING * * *
The sixfirhy shocks you!
* * * LOW HITPOINT WARNING * * *
The sixfirhy hits you.
* * * LOW HITPOINT WARNING * * *
The sixfirhy shocks you!
You die...

.....# .....# .....#
#####.....# #.........#
#.........# #5445.....#
#5K@<...# #.##########
#........K.. ############
#.......K... ...........#
#...........
...........###...........
...........'.............
...........####..........
...........# ###########


You could see a kobold demonologist, a sixfirhy, a blue devil, a quasit and 2
white imps.

Vanquished Creatures
  Harold (D:10)
  A hydra (D:11)
  The ghost of 4thArraOfDagon the Cleaver, a novice MiBe of Trog (D:10)
  A manticore (D:11)
  Grinder (D:3)
  3 trolls
  2 fire elementals (D:12)
  A steam dragon (D:7)
  A hungry ghost (D:11)
  A black bear (D:11)
  2 ice beasts
  A centaur (D:9)
  2 ogres
  A big kobold (D:10)
  A giant frog (D:9)
  3 wights (D:9)
  2 orc priests
  Ijyb (D:3)
  5 jellies
  2 iguanas
  An orc wizard (D:8)
  A worker ant (D:4)
  An adder (D:5)
  3 oozes (D:5)
  2 worms (D:3)
  3 giant geckos
  18 orcs
  2 giant cockroaches
  2 hobgoblins
  7 jackals
  5 kobolds (D:10)
  2 quokkas
  4 bats
  2 giant newts
  5 goblins
  2 rats
93 creatures vanquished.

Vanquished Creatures (collateral kills)
  A big kobold (D:10)
  A kobold (D:10)
2 creatures vanquished.

Vanquished Creatures (others)
  A toadstool (D:5)
1 creature vanquished.

Grand Total: 96 creatures vanquished

Notes
Turn   | Place    | Note
--------------------------------------------------------------
     0 | D:1      | 4thArraOfDagon the Minotaur Berserker began the quest for the Orb.
     0 | D:1      | Reached XP level 1. HP: 19/19 MP: 0/0
    75 | D:1      | Reached skill level 4 in Axes
   115 | D:1      | Reached XP level 2. HP: 21/27 MP: 1/1
   218 | D:3      | Noticed Grinder
   229 | D:3      | Killed Grinder
   229 | D:3      | Reached skill level 5 in Fighting
   229 | D:3      | Reached skill level 6 in Axes
   229 | D:3      | Reached XP level 3. HP: 21/36 MP: 2/2
   229 | D:3      | Reached XP level 4. HP: 24/42 MP: 3/3
   229 | D:3      | Reached XP level 5. HP: 27/48 MP: 4/4
   277 | D:3      | Noticed Ijyb
   278 | D:3      | Found a glowing golden altar of the Shining One.
   279 | D:3      | Reached ** piety under Trog
   292 | D:3      | Killed Ijyb
   322 | D:2      | Reached XP level 6. HP: 39/56 MP: 5/5
   528 | D:3      | You fall through a shaft for 2 floors!
   528 | D:5      | Entered Level 5 of the Dungeon
   603 | D:5      | Reached skill level 7 in Axes
   683 | D:5      | Found a viscous altar of Jiyva.
   996 | D:7      | Noticed a steam dragon
   997 | D:7      | Found an opulent altar of Gozag.
  1002 | D:7      | Killed a steam dragon
  1002 | D:7      | Reached skill level 5 in Armour
  1002 | D:7      | Reached XP level 7. HP: 63/63 MP: 6/6
  1222 | D:9      | Reached skill level 8 in Axes
  1262 | D:9      | Found a staircase to the Lair.
  1286 | D:9      | Reached XP level 8. HP: 35/71 MP: 7/7
  1288 | D:9      | Reached skill level 9 in Axes
  1288 | D:9      | Reached skill level 1 in Evocations
  1342 | D:10     | Entered Level 10 of the Dungeon
  1367 | D:10     | Noticed 4thArraOfDagon's ghost (novice MiBe)
  1414 | D:10     | Noticed a troll
  1417 | D:10     | Drew Focus: Str increased to 24, Int decreased to 5
  1425 | D:10     | Killed 4thArraOfDagon's ghost
  1427 | D:10     | Killed a troll
  1463 | D:10     | Noticed Harold
  1481 | D:10     | Killed Harold
  1481 | D:10     | Reached *** piety under Trog
  1481 | D:10     | Reached skill level 10 in Axes
  1481 | D:10     | Reached XP level 9. HP: 80/81 MP: 9/11
  1613 | D:11     | Noticed a five-headed hydra
  1640 | D:11     | Killed a ten-headed hydra
  1640 | D:11     | Reached skill level 11 in Axes
  1640 | D:11     | Reached skill level 5 in Evocations
  1703 | D:12     | Noticed Azrael
  1782 | D:11     | Noticed a manticore
  1807 | D:11     | Killed a manticore
  1807 | D:11     | Reached XP level 10. HP: 70/90 MP: 13/13
  2147 | D:13     | ROTFL
  2196 | D:13     | Drew Focus: Str increased to 25, Int decreased to 5
  2199 | D:13     | Noticed a sixfirhy
  2199 | D:13     | Gained mutation: You are weak. (Str -2) [potion of mutation]
  2199 | D:13     | Gained mutation: You possess an exceptional clarity of mind. [potion of mutation]
  2199 | D:13     | Gained mutation: You occasionally shout uncontrollably at your foes. [potion of mutation]
  2204 | D:13     | HP: 4/90 [sixfirhy[a kobold demonologist] (8)]
  2204 | D:13     | HP: 1/90 [sixfirhy[a kobold demonologist] (3)]
  2204 | D:13     | Mangled by a sixfirhy

Action                   |  1- 3 |  4- 6 |  7- 9 | 10-12 || total
-------------------------+-------+-------+-------+-------++-------
Melee: Hand axe          |    38 |    19 |       |       ||    57
       War axe           |       |    48 |   108 |    24 ||   180
Throw: Throwing net      |       |       |     1 |       ||     1
Invok: Berserk           |     1 |     5 |     8 |     4 ||    18
       Trog's Hand       |       |     3 |     4 |     3 ||    10
Evoke: Deck              |       |       |     6 |     1 ||     7
       Phial of floods   |       |       |     1 |       ||     1
  Use: Scroll            |       |     1 |     1 |       ||     2
       Potion            |       |       |       |     3 ||     3
  Eat: Chunk             |       |     4 |    12 |     6 ||    22
       Royal jelly       |       |     1 |       |       ||     1
       Meat ration       |       |       |     1 |       ||     1
